 Dungeon Crawl Stone Soup version 0.30-a0-374-g95c0257040 (webtiles) character file.

Game seed: 12164410392859209751

513 MTVSty1e the Poker (level 7, 0/45 HPs)
             Began as a Gargoyle Fighter on Nov 26, 2022.
             Slain by Menkaure (16 damage)
             ... on level 4 of the Dungeon.
             The game lasted 00:04:17 (3270 turns).

MTVSty1e the Poker (Gargoyle Fighter)               Turns: 3270, Time: 00:04:18

Health: 0/45       AC: 19    Str: 21    XL:     7   Next: 20%
Magic:  7/7        EV:  9    Int:  9    God:
Gold:   137        SH:  0    Dex:  9    Spells: 6/6 levels left

rFire   . . .      SeeInvis .    a - +0 trident
rCold   . . .      Faith    .    c - +0 buckler
rNeg    + . .      Spirit   .    s - +3 scale mail
rPois   ∞          Reflect  .    e - +0 helmet
rElec   +          Harm     .    (no cloak)
rCorr   .          Rampage  .    (no gloves)
Will    .....                    (no boots)
Stlth   ..........               t - amulet of the acrobat
HPRegen 0.27/turn                n - +4 ring of protection
MPRegen 0.10/turn                (no ring)

@: confused, ambrosia-drunk
A: sickness immunity, AC +4, negative energy resistance 1, electricity
resistance, torment resistance 1, petrification resistance
a: no special abilities


You were on level 4 of the Dungeon.
You visited 1 branch of the dungeon, and saw 6 of its levels.

You collected 137 gold pieces.

Inventory:

Hand Weapons
 a - a +0 trident (weapon)
Armour
 c - a +0 buckler (worn)
 e - a +0 helmet (worn)
 s - a +3 scale mail (worn)
Jewellery
 n - a +4 ring of protection (left hand)
 t - an amulet of the acrobat (around neck)
Wands
 i - a wand of digging (3)
 r - a wand of light (9)
Scrolls
 d - a scroll of amnesia
 h - 3 scrolls of identify
 o - 2 scrolls of blinking {unknown}
 u - a scroll of fog {unknown}
Potions
 f - a potion of ambrosia
 g - 2 potions of heal wounds {unknown}
 k - a potion of mutation {unknown}
 l - a potion of haste {unknown}
 p - a potion of curing {unknown}
 q - 3 potions of degeneration {unknown}
 v - a potion of lignification {unknown}
 w - a potion of berserk rage {unknown}


   Skills:
 + Level 5.6 Fighting
 * Level 5.7 Polearms
 - Level 3.2 Armour
 - Level 3.2 Shields


You had 6 spell levels left.
You didn't know any spells.
Your spell library contained the following spells:

 Spells                   Type           Power      Damage    Failure   Level
 Magic Dart               Conj           0%         1d3       82%         1
 Searing Ray              Conj           0%         2d4       91%         2
 Fulminant Prism          Conj/Hex       0%         3d5       100%        4


Dungeon Overview and Level Annotations

Branches:
Dungeon (6/15)
 Temple: D:4-7

Altars:

Annotations:
D:4 Menkaure


Innate Abilities, Weirdness & Mutations

You are immune to sickness and miasma.
Your stone body is resilient. (AC +4)
You are immune to poison.
You resist negative energy. (rN+)
You are resistant to electric shocks. (rElec)
You are resistant to unholy torment.
You are immune to petrification.


Message History

Menkaure casts a spell at you. Pain shoots through your body!
You hit Menkaure but do no damage.
Menkaure is lightly damaged.
Menkaure hits you!
You are too injured to fight recklessly!
You are too injured to fight recklessly!
You are too injured to fight recklessly!
You are too injured to fight recklessly!
You are too injured to fight recklessly!
You are too injured to fight recklessly!
You are too injured to fight recklessly!
You are too injured to fight recklessly!
You are too injured to fight recklessly!
You are too injured to fight recklessly!
You are too injured to fight recklessly!
You are too injured to fight recklessly!
You are too injured to fight recklessly!
You are too injured to fight recklessly!
You are too injured to fight recklessly!
You are too injured to fight recklessly!
You are too injured to fight recklessly!
You are too injured to fight recklessly!
Unknown command.
You closely miss Menkaure.
Menkaure is lightly damaged.
You hit Menkaure but do no damage.
Menkaure is lightly damaged.
Menkaure hits you.
You hit Menkaure.
Menkaure is moderately damaged.
Menkaure calls on the powers of darkness!
Your body is wracked with pain!
* * * LOW HITPOINT WARNING * * *
You hit Menkaure.
Menkaure is moderately damaged.
Menkaure hits you but does no damage.
You are confused.
You feel invigorated. Menkaure hits you!
You die...

#........#.#
####.###(#.#
#######...[....
#.............#
####........... ##.
####.###.#.##
....######.........
##.............#...
.......@##..######
#######M##..#
#.##..# #.##..#
#.##..# #.##..#
....... #..


You could see Menkaure.

Vanquished Creatures
  An ice beast (D:5)
  The ghost of lukessrichardson1 the Conjurer, an amateur DgCj (D:3)
  A howler monkey (D:6)
  A hound (D:4)
  A gnoll bouda (D:5)
  An iguana (D:5)
  Ijyb (D:3)
  8 gnolls (D:5)
  3 adders
  2 worms
  2 dart slugs (D:2)
  10 orcs
  7 ball pythons
  5 bats
  6 endoplasms
  A giant cockroach (D:3)
  9 goblins
  4 hobgoblins
  4 jackals (D:3)
  6 kobolds
  3 quokkas
  2 frilled lizards (D:1)
  7 rats
86 creatures vanquished.

Notes
Turn   | Place    | Note
-------+----------+-------------------------------------------
     0 | D:1      | MTVSty1e the Gargoyle Fighter began the quest for the Orb.
     0 | D:1      | Reached XP level 1. HP: 14/14 MP: 1/1
    60 | D:1      | Reached XP level 2. HP: 19/19 MP: 2/2
   683 | D:1      | Reached XP level 3. HP: 24/24 MP: 3/3
  1330 | D:2      | Reached XP level 4. HP: 29/29 MP: 4/4
  1728 | D:3      | You fall into a shaft and drop 3 floors!
  1730 | D:6      | Noticed a steam dragon
  1753 | D:5      | Entered Level 5 of the Dungeon
  1773 | D:5      | Reached XP level 5. HP: 33/34 MP: 5/5
  1910 | D:5      | Reached XP level 6. HP: 17/40 MP: 6/6
  2119 | D:5      | Reached skill level 5 in Fighting
  2169 | D:5      | Noticed an ice beast
  2177 | D:5      | Killed an ice beast
  2178 | D:5      | Reached skill level 5 in Polearms
  2448 | D:3      | Found a runed translucent gate.
  2450 | D:3      | Found a runed translucent gate.
  2450 | D:3      | Identified the +6 short sword of Hurtling Extermination
                  | {vorpal, rPois rN+++ Int-5 Stlth+}
  2450 | D:3      | Identified the +2 ring mail of Words of Power {Int+7
                  | Stlth-}
  2450 | D:3      | Noticed lukessrichardson1's ghost (amateur DgCj)
  2451 | D:3      | Found a runed translucent gate.
  2993 | D:3      | Killed lukessrichardson1's ghost
  2994 | D:3      | Reached XP level 7. HP: 21/44 MP: 7/7
  3054 | D:3      | Noticed Ijyb
  3161 | D:3      | Killed Ijyb
  3259 | D:4      | Noticed Menkaure
  3270 | D:4      | Slain by Menkaure

Illustrated notes

Levels and vault maps discovered:
D:1:      dpeg_arrival_subterranean_lakeside_camping, layout_basic
D:2:      layout_loops_ring, minmay_pentomino_pile
D:3:      layout_loops_cross, biasface_ghost_orc_armoury, uniq_ijyb
D:4:      layout_basic, nicolae_uskayaw_suspiria, lemuel_tele_altar,
          temple_green, gammafunk_ghost_necromancy, uniq_menkaure
D:5:      layout_loops_corners, nzn_hepliaklqana_mist_gate, uniq_eustachio,
          uniq_edmund
D:6:      layout_basic, tgw_sif, gammafunk_ghost_split, lightli_corner_chamber,
          uniq_sigmund

Skill      XL: |  1  2  3  4  5  6 |
---------------+-------------------+-----
Polearms       | 2 3 4 5 |  5.7
Fighting       | 4 5 |  5.6
Armour         | |  3.2
Shields        | |  3.2

Action                   |  1- 3 |  4- 6 |  7- 9 || total
-------------------------+-------+-------+-------++-------
Melee: Trident           |   126 |   184 |    36 ||   346
  Use: Potion            |       |     1 |     1 ||     2
       Scroll            |       |     6 |       ||     6
Armor: Scale mail        |    63 |    66 |    15 ||   144
Dodge: Dodged            |    40 |    61 |     5 ||   106
Block: Buckler           |    11 |    24 |     8 ||    43

Table legend: (Time is in decaauts)
 A = Elapsed time spent in this place.
 B = Non-inter-level travel time spent in this place.
 C = Inter-level travel time spent in this place.
 D = Time resting spent in this place.
 E = Time spent auto-exploring this place.
 F = Levels seen in this place.
 G = Mean time per level.
                   A        B        C        D        E       F      G
               +--------+--------+--------+--------+--------+-----+--------+
         Total |   3320 |   3221 |     99 |    466 |   2025 |   6 |  553.3 |
       Dungeon |   3320 |   3221 |     99 |    466 |   2025 |   6 |  553.3 |
               +--------+--------+--------+--------+--------+-----+--------+

Top non-repeatable levels by time:
     D:3: 973 daAuts
     D:2: 835 daAuts
     D:1: 786 daAuts
     D:5: 603 daAuts
     D:4: 96 daAuts
     D:6: 25 daAuts
